AoeStats
← RDA Ronan

African Clearing

504266955Analyzed
4v4 RM · 28d ago on Sep 4, 2026· 59m 6s· 8 players
Game mode
Random Map
Map size
Large (8 player)
Population
200
Speed
Normal
Resources
Standard
Victory
Conquest
Starting age
Dark Age
Ending age
Imperial Age
RankedLock teamsTeams togetherTeam positionsShared explorationLock speedFull tech treeHidden civsTurbo modeCheats
Victory
Defeat
🇸🇬 Jurchens · Singapore
1455
+13
🇧🇷 Turks · Brazil
1451
+13
🇮🇳 Vietnamese · India
1390
+16
🇨🇳 Mongols · China
1385
+16
🇧🇷 Saracens · Brazil
1742
-29
🇦🇷 Saracens · Argentina
1298
-11
🇦🇷 Saracens · Argentina
1267
-9
🇦🇷 Saracens · Argentina
1260
-9
anirone7589
11:26 Loom
13:11 Feudal Age
15:19 Double-Bit Axe
18:09 Castle Age
16:55 Horse Collar
19:06 Heavy Plow
25:13 Wheelbarrow
25:22 Bow Saw
25:54 Town Watch
26:05 Gold Mining
26:05 Stone Mining
28:06 Town Patrol
28:25 Hand Cart
28:44 Ballistics
29:01 Scale Mail Armor
29:12 Forging
29:26 Squires
32:11 Masonry
37:16 Imperial Age
35:05 Arson
35:42 Siege Engineers
37:53 Chain Mail Armor
38:14 Iron Casting
37:54 Fortified Bastions
37:31 Elite Fire Lancer
38:44 Conscription
39:29 Coinage
39:15 Bloodlines
39:05 Husbandry
39:20 Capped Ram
40:59 Banking
41:22 Hoardings
40:56 Siege Ram
43:30 Two-Man Saw
45:32 Gold Shaft Mining
46:45 Sappers
47:33 Husbandry
47:48 Light Cavalry
48:28 Hussar
50:38 Scale Barding Armor
51:34 Blast Furnace
50:25 Fletching
50:36 Padded Archer Armor
54:39 Chain Barding Armor
54:15 Bodkin Arrow
54:35 Leather Archer Armor
wannabepirate
4:47 Loom
13:26 Feudal Age
14:13 Town Watch
15:00 Double-Bit Axe
15:10 Fletching
16:19 Padded Archer Armor
20:20 Castle Age
20:58 Bodkin Arrow
21:19 Crossbowman
28:21 Wheelbarrow
30:42 Leather Archer Armor
30:58 Ballistics
43:01 Imperial Age
42:10 Hand Cart
44:49 Chemistry
43:53 Bracer
44:12 Bow Saw
43:43 Horse Collar
43:54 Gold Mining
46:31 Paper Money
46:07 Stone Mining
46:14 Elite Rattan Archer
48:48 Stone Shaft Mining
49:11 Ring Archer Armor
48:50 Elite Skirmisher
49:36 Thumb Ring
50:27 Hoardings
52:29 Imperial Skirmisher
54:02 Scale Barding Armor
54:07 Forging
56:01 Bloodlines
55:52 Husbandry
58:12 Coinage
超级硬邦邦
4:22 Loom
14:00 Feudal Age
19:33 Castle Age
17:58 Double-Bit Axe
18:19 Horse Collar
19:08 Fletching
20:42 Bodkin Arrow
27:02 Wheelbarrow
26:13 Town Watch
27:10 Padded Archer Armor
28:16 Husbandry
43:21 Ballistics
43:39 Leather Archer Armor
46:22 Imperial Age
44:13 Gold Mining
44:15 Stone Mining
48:32 Imperial Age
50:57 Bow Saw
50:38 Elite Mangudai
51:39 Conscription
51:27 Bracer
53:35 Hand Cart
56:03 Bloodlines
58:11 Thumb Ring
twitch.tv/markola86
8:21 Loom
13:51 Feudal Age
14:32 Double-Bit Axe
14:29 Horse Collar
20:19 Castle Age
18:46 Gold Mining
19:14 Bloodlines
19:56 Wheelbarrow
19:51 Scale Barding Armor
19:59 Forging
22:48 Chain Barding Armor
25:36 Bow Saw
27:47 Iron Casting
29:31 Heavy Plow
30:12 Husbandry
31:54 Gold Shaft Mining
31:13 Stone Mining
31:27 Fletching
33:00 Town Watch
35:23 Hand Cart
36:49 Town Patrol
39:33 Imperial Age
38:36 Treadmill Crane
39:16 Ballistics
39:15 Fervor
39:25 Sanctity
39:48 Bodkin Arrow
40:09 Padded Archer Armor
40:34 Conscription
40:59 Plate Barding Armor
42:23 Blast Furnace
41:53 Bracer
42:30 Artillery
43:56 Leather Archer Armor
46:35 Ring Archer Armor
50:25 Murder Holes
50:42 Masonry
Oni.NachoAoE
12:19 Loom
15:22 Feudal Age
16:36 Loom
17:14 Double-Bit Axe
20:01 Castle Age
17:43 Horse Collar
18:01 Gold Mining
21:35 Bow Saw
28:34 Husbandry
30:31 Bloodlines
31:18 Scale Barding Armor
32:07 Town Watch
34:53 Chain Barding Armor
36:12 Wheelbarrow
36:01 Forging
40:48 Imperial Age
40:51 Heavy Plow
40:56 Stone Mining
42:50 Plate Barding Armor
42:43 Conscription
43:12 Hand Cart
44:22 Elite Mameluke
46:18 Light Cavalry
48:52 Iron Casting
50:18 Coinage
51:19 Blast Furnace
50:48 Hussar
53:10 Banking
XEVER | Masa!
10:31 Loom
14:28 Feudal Age
17:52 Scale Barding Armor
20:33 Wheelbarrow
20:12 Bloodlines
20:37 Double-Bit Axe
44:32 Horse Collar
50:22 Castle Age
51:29 Chain Barding Armor
51:31 Husbandry
50:51 Light Cavalry
55:08 Chain Barding Armor
55:04 Forging
RDA | Damiii el TORO
3:59 Loom
14:42 Feudal Age
20:00 Castle Age
18:17 Double-Bit Axe
18:25 Fletching
22:23 Bodkin Arrow
26:05 Crossbowman
29:04 Padded Archer Armor
37:58 Ballistics
40:04 Guard Tower
44:39 Wheelbarrow
50:13 Elite Skirmisher
51:17 Leather Archer Armor
53:01 Gold Mining
55:02 Scale Mail Armor
57:49 Bow Saw
RDA Ronan
5:18 Loom
13:42 Feudal Age
19:17 Castle Age
17:20 Double-Bit Axe
21:11 Bow Saw
20:42 Horse Collar
22:00 Heavy Plow
22:11 Scale Barding Armor
24:15 Wheelbarrow
25:02 Chain Barding Armor
24:49 Town Watch
25:49 Bloodlines
26:01 Forging
25:50 Gold Mining
26:06 Stone Mining
28:47 Gold Shaft Mining
32:58 Fletching
37:32 Imperial Age
36:09 Iron Casting
36:35 Bodkin Arrow
37:48 Husbandry
37:59 Bloodlines
37:27 Elite Skirmisher
38:31 Ballistics
38:48 Iron Casting
38:40 Heavy Plow
39:48 Chemistry
39:32 Bodkin Arrow
39:56 Padded Archer Armor
41:58 Thumb Ring
41:55 Bracer
42:03 Siege Engineers
44:53 Conscription
46:47 Conscription
48:49 Elite Mameluke
54:35 Heavy Camel Rider
Connection lost

Rejoining the realm…

Still unreachable

The connection could not be restored.

Session expired

The server has moved on; the page needs a fresh start.